 Dungeon Crawl Stone Soup version 0.19-a0-867-g949743d (webtiles) character file.

63 tyrsky the Firebug (level 3, -10/21 HPs)
             Began as a High Elf Fire Elementalist on July 3, 2016.
             Shot with an arrow by a centaur (16 damage)
             ... on level 5 of the Dungeon.
             The game lasted 00:03:45 (1303 turns).

tyrsky the Firebug (High Elf Fire Elementalist)     Turns: 1303, Time: 00:03:46

Health: -10/21     AC:  2    Str:  8    XL:     3   Next: 89%
Magic:  7/8        EV: 13    Int: 18    God:
Gold:   91         SH:  0    Dex: 16    Spells: 2 memorised, 4 levels left

rFire  . . .     SeeInvis .     (no weapon)
rCold  . . .     Gourm    .     a - +0 robe
rNeg   . . .     Faith    .     (no shield)
rPois  .         Spirit   .     (no helmet)
rElec  .         Dismiss  .     (no cloak)
rCorr  .         Reflect  .     (no gloves)
SustAt +         Harm     .     (no boots)
MR     .....                    (no amulet)
Stlth  ++........               (no ring)
                                s - ring of sustain attributes

@: not resistant to hostile enchantments, unstealthy
A: no striking features
a: no special abilities


You were on level 5 of the Dungeon.
You were very hungry.

You visited 1 branch of the dungeon, and saw 4 of its levels.

You collected 91 gold pieces.

Inventory:

Armour
 a - a +0 robe (worn)
Jewellery
 s - a ring of sustain attributes (left hand)
Scrolls
 h - 5 scrolls of teleportation {unknown}
 i - a scroll of identify {unknown}
 o - a scroll of blinking {unknown}
 q - a scroll of amnesia {unknown}
 r - a scroll of immolation {unknown}
Potions
 d - 2 potions of ambrosia {unknown}
 e - a potion of might {unknown}
 f - a potion of curing {unknown}
 j - a potion of mutation {unknown}
 k - a potion of resistance {unknown}
 l - a potion of flight {unknown}
 m - a potion of cancellation {unknown}
Books
 b - a book of Flames

   Spells                             Type                      Level
   a - Flame Tongue                   Conjuration/Fire             1
   b - Throw Flame                    Conjuration/Fire             2
   c - Conjure Flame                  Conjuration/Fire             3
   d - Inner Flame                    Hexes/Fire                   3
   e - Sticky Flame                   Conjuration/Fire             4
   f - Fireball                       Conjuration/Fire             5
Comestibles
 c - a bread ration
 g - a royal jelly
 n - a meat ration
 p - a fruit


   Skills:
 - Level 2.1 Dodging
 - Level 2.1 Stealth
 + Level 3.4 Spellcasting
 + Level 2.4 Conjurations
 + Level 3.7 Fire Magic


You had 4 spell levels left.
You knew the following spells:

 Your Spells              Type           Power        Failure   Level  Hunger
a - Flame Tongue          Conj/Fire      ##...        6%          1    None
b - Conjure Flame         Conj/Fire      ##......     17%         3    ###....


Dungeon Overview and Level Annotations

Branches:
Dungeon (5/15)
 Temple: D:4-7

Altars:
Pakellas
Qazlal

Annotations:
D:2 Natasha
D:4 Blork the orc


Message History

Found a stone staircase leading down.
There is a stone staircase leading up here.
Casting: Flame Tongue
Confirm with . or Enter, or press ? or * to list all spells.
Aiming: Flame Tongue
Press: ? - help, Shift-Dir - straight line, f - ball python
Aim: a ball python The flame tongue hits the ball python.
You kill the ball python!
Casting: Flame Tongue
Confirm with . or Enter, or press ? or * to list all spells.
You can't see any susceptible monsters within range! (Use Z to cast anyway.)
A centaur comes into view.
The centaur shouts!
The centaur wields a shortbow.
The centaur shoots an arrow.
The arrow hits you!
* * * LOW HITPOINT WARNING * * *
You see here an arrow.
The centaur shoots an arrow.
The arrow hits you!
Ouch! That really hurt!
You die...

# .# #
#.#.# .....
......
####.>...
##....#..#
#..e....#
#(#†.......
#.#.###..##
#.... .#
...### .c##
.... #..#
#..#


You could see a centaur.

Vanquished Creatures
  3 adders (D:2)
  An ooze (D:2)
  2 dart slugs (D:2)
  A giant gecko (D:2)
  2 ball pythons
  5 goblins
  A hobgoblin (D:2)
  A jackal (D:2)
  A quokka (D:2)
  2 bats (D:1)
  A giant newt (D:2)
  6 kobolds
  4 rats (D:1)
30 creatures vanquished.

Notes
Turn   | Place    | Note
-------+----------+-------------------------------------------
     0 | D:1      | tyrsky the High Elf Fire Elementalist began the quest for the Orb.
     0 | D:1      | Reached XP level 1. HP: 11/11 MP: 4/4
   220 | D:1      | Reached XP level 2. HP: 17/17 MP: 0/6
   888 | D:2      | Reached XP level 3. HP: 21/21 MP: 5/8
   959 | D:2      | Found an oddly glowing altar of Pakellas.
  1179 | D:1      | Learned a level 3 spell: Conjure Flame
  1273 | D:2      | Found a stormy altar of Qazlal.
  1274 | D:2      | Noticed Natasha
  1288 | D:2      | You fall through a shaft for 2 floors!
  1288 | D:4      | Noticed Blork the orc
  1298 | D:5      | Entered Level 5 of the Dungeon
  1301 | D:5      | Noticed a centaur
  1303 | D:5      | Shot with an arrow by a centaur

Vault maps used:
D:1:      kennysheep_arrival_forest, minmay_misc_feat_plants, minmay_misc_feat_x
D:2:      nicolae_overflow_hidden_temple, grunt_pakellas_basics, uniq_natasha
D:4:      kennysheep_six_static_rooms, uniq_blork_the_orc, uniq_duvessa
D:5:      kennysheep_little_box, first_bread, kennysheep_generic_room_2

Skill      XL: |  1  2 |
---------------+-------+-----
Spellcasting   | 3 |  3.4
Conjurations   | 2 |  2.4
Dodging        | |  2.1
Stealth        | |  2.1
Fire Magic     | |  3.7

Action                   || total
-------------------------++-------
Melee: Unarmed           ||    11
 Cast: Flame Tongue      ||    51
Armor: Robe              ||     6
Dodge: Dodged            ||    17
